cohdb
Replays
Latest Replays
All Replays
Popular Replays
Top Player Replays
Match Explorer
How It Works
Community
CoH3 Stats
Reddit
Sign in to upload your games and track your stats! →
Sign in with Steam
Match 38412126
Unlisted
Match 38412126
Overview
Messages
Build Orders
End
Kradschützen Motorcycle Team
Panzergrenadier Squad
250 Light Carrier
Construct Light Support Kompanie
Panzergrenadier Squad
Combat Half-tracks
Fire Support Elements
Selects Battlefield Espionage Battlegroup
Selects Sector Subterfuge Beacon
Selects 250/3 Funkpanzerwagen
Assault Mechanized Group
Flakvierling Half-track
Vehicle Survival Package
Selects Anti-Tank Incendiary Munitions
Pak 38 Anti-tank Gun Team
Veteran Squad Leaders
Assault Grenadier Squad
Construct Panzerarmee Kommand
Pak 38 Anti-tank Gun Team
Epicdeath
Gorgolo
BIOHAZARD
Sauzer88
0
0
Comments
sign in to comment!
No comments posted yet!